Map: Lightshade LE

Players

BroodKingEXE - Winner!

  • Race: Zerg Zerg
  • League: Diamond
  • Spawn Location: 5:00

VOD

Have the link to the VOD?

Description

Time

  • Played on: Dec. 9, 2020, 4:27 p.m.
  • Length: 12:04
Show
View Real Time Build Order
Export as new Build Order

BroodKingEXE Zerg - Winner!

Build Orders:  

Get SALT Encoding   

  12  0:12  Drone x2  
  14  0:29  Overlord  
  14  0:54  Drone  
  14  0:55  Drone  
  14  0:58  Drone  
  17  1:18  Drone  
  17  1:19  Hatchery  
  17  1:40  Spawning Pool  
  17  1:43  Drone  
  17  1:48  Drone  
  18  2:03  Drone  
  19  2:18  Overlord  
  19  2:30  Drone  
  19  2:39  Hatchery  
  19  2:41  Extractor  
  19  2:43  Drone  
  19  3:01  Queen  
  19  3:03  Drone x2  
  23  3:18  Queen  
  23  3:19  Drone  
  26  3:29  Drone x2  
  28  3:31  Drone  
  29  3:44  Drone x2  
  31  4:09  Overlord  
  31  4:12  Drone  
  31  4:19  Drone  
  33  4:20  Drone x2  
  33  4:25  Extractor  
  34  4:35  Drone x3  
  37  4:44  Queen x2  
  37  4:46  Drone x3  
  37  4:48  Drone  
  45  4:55  Overlord  
  45  5:00  Overlord  
  45  5:19  Metabolic Boost  
  45  5:25  Overlord x2  
  45  5:26  Drone  
  45  5:27  Drone x3  
  49  5:35  Extractor, Drone x2  
  49  5:37  Extractor  
  49  5:51  Overlord x2  
  49  5:52  Overlord  
  49  5:57  Roach Warren  
  48  6:00  Evolution Chamber  
  48  6:02  Drone  
  48  6:08  Drone x2  
  50  6:13  Drone  
  50  6:14  Drone  
  52  6:20  Lair  
  52  6:41  Queen  
  52  6:43  Drone x4  
  52  6:44  Drone x5  
  63  6:50  Drone x2  
  63  6:52  Drone  
  66  7:07  Overlord x3  
  66  7:14  Zerg Missile Weapons Level 1  
  66  7:29  Roach x4  
  74  7:30  Roach x2  
  74  7:31  Roach  
  80  7:44  Glial Reconstitution  
  80  7:48  Roach x4  
  88  8:16  Roach  
  88  8:17  Roach x9  
  108  8:23  Roach  
  108  8:24  Roach x2  
  108  8:29  Overlord x2  
  114  8:32  Overlord  
  114  8:50  Roach  
  114  8:51  Roach x3  
  114  8:52  Overlord  
  114  8:53  Overlord  
  122  9:12  Roach  
  122  9:13  Roach x7  
  138  9:28  Roach x3  
  144  9:34  Roach  
  144  9:39  Roach x4  
  154  9:40  Roach  
  154  9:41  Roach  
  158  9:51  Roach  
  158  9:52  Roach  
  158  9:54  Overlord x2  
  158  9:55  Overlord x2  
  162  10:11  Hatchery  
  151  10:33  Roach  
  151  10:34  Roach x13  
Tags
 
Add a new tag
Caveats
  • Supply blocks, unpowered buildings, or Contaminate may cause inaccurate times.
  • Supply counts are checked every 10 seconds.